Match 43445088
Unlisted

Match 43445088
End
Construct Barracks
Engineer Squad
Selects Advanced Infantry Battlegroup
Riflemen Squad
M1 Mortar Team
Selects Convert to Ranger Squad
Ranger Squad
Selects Artillery Observers
Infantry Support Center
Ranger Squad
Selects Frontline Medical Station
Advanced Logistics
Construct Motor Pool
Construct Tank Depot
Frontline Medical Station
M4A1 Sherman Medium Tank
Engineer Squad
M4A1 Sherman Medium Tank
Selects M2A1 105mm Howitzer Emplacement
Selects 155mm Rapid Artillery Barrage
M18 Hellcat Tank Destroyer
155mm Rapid Artillery Barrage
M18 Hellcat Tank Destroyer
M4A1 Sherman Medium Tank
155mm Rapid Artillery Barrage
Геть з України москаль некрасіви
anioki
花间酌酒
Pannkaka
Sir Toady
Carolus
EBANATOR
EloX
0
0

Comments sign in to comment!

No comments posted yet!